 Dungeon Crawl Stone Soup version 0.21-a0-529-g8c7b3f5 (webtiles) character file.

7437 Spazmo the Destroyer (level 10, -4/56 HPs)
             Began as a Deep Elf Fire Elementalist on Dec 9, 2017.
             Was a Believer of Vehumet.
             Slain by a manticore (6 damage)
             ... on level 9 of the Dungeon.
             The game lasted 00:32:23 (9964 turns).

Spazmo the Destroyer (Deep Elf Fire Elementalist)   Turns: 9964, Time: 00:32:23

Health: -4/56      AC:  8    Str:  5    XL:     10   Next: 93%
Magic:  7/26       EV: 19    Int: 24    God:    Vehumet [**....]
Gold:   453        SH:  0    Dex: 15    Spells: 14/29 levels left

rFire    + + .     SeeInvis +   p - staff of fire
rCold    x . .     Gourm    .   (no shield)
rNeg     . . .     Faith    .   a - +1 robe
rPois    .         Spirit   .   o - +1 hat {MR+}
rElec    .         Reflect  .   r - +0 cloak
rCorr    .         Harm     .   (no gloves)
MR       ++...                  N - +1 pair of boots
Stlth    ++........             (no amulet)
HPRegen  0.18/turn              d - +3 ring of evasion
MPRegen  0.20/turn              x - ring of fire

@: no status effects
A: molten scales 1, see invisible, blink, deformed body
a: Blink, Renounce Religion


You were on level 9 of the Dungeon.
You worshipped Vehumet.
Vehumet was pleased with you.
You were hungry.

You visited 2 branches of the dungeon, and saw 10 of its levels.
You also visited: Sewer.

You collected 453 gold pieces.

Inventory:

Hand Weapons
 v - a +0 blowgun
 E - a +1 dagger of electrocution
Missiles
 g - 493 stones (quivered)
 j - 82 poisoned needles
Armour
 a - a +1 robe (worn)
 o - a +1 hat of magic resistance (worn)
 r - a +0 cloak (worn)
 N - a +1 pair of boots (worn)
Magical Staves
 p - an uncursed staff of fire (weapon)
Jewellery
 d - a +3 ring of evasion (left hand)
 x - a ring of fire (right hand)
 F - an uncursed amulet of faith
 H - an uncursed ring of stealth
Wands
 i - a wand of random effects (64)
 q - a wand of acid (18)
 z - a wand of disintegration (21)
 D - a wand of iceblast (13)
 I - a wand of flame (40)
 L - a wand of clouds (6)
Scrolls
 h - a scroll of identify
 s - 3 scrolls of teleportation
 y - a scroll of fog
 J - a scroll of fear
 K - a scroll of amnesia
Potions
 e - 3 potions of heal wounds
 f - a potion of ambrosia
 k - a potion of berserk rage {unknown}
 l - 2 potions of flight
 t - 2 potions of brilliance
 u - a potion of resistance {unknown}
 A - a potion of invisibility {unknown}
 C - 8 potions of curing
 G - a potion of agility
Books
 b - a book of Flames

   Spells                             Type                      Level
   a - Flame Tongue                   Conjuration/Fire             1
   b - Throw Flame                    Conjuration/Fire             2
   c - Conjure Flame                  Conjuration/Fire             3
   d - Inner Flame                    Hexes/Fire                   3
   e - Sticky Flame                   Conjuration/Fire             4
   f - Fireball                       Conjuration/Fire             5
 B - a book of Conjurations

   Spells                             Type                      Level
   a - Magic Dart                     Conjuration                  1
   b - Searing Ray                    Conjuration                  2
   c - Dazzling Spray                 Conjuration/Hexes            3
   d - Fulminant Prism                Conjuration/Hexes            4
   e - Force Lance                    Conjuration/Translocation    4
   f - Iskenderun's Mystic Blast      Conjuration                  4
Comestibles
 c - 7 bread rations
 m - a meat ration
 n - 4 fruits
 w - 2 royal jellies
 M - 4 chunks of flesh


   Skills:
 + Level 4.0 Fighting
 + Level 6.6 Dodging
 - Level 3.0 Stealth
 - Level 10.1 Spellcasting
 - Level 11.0 Conjurations
 - Level 10.0 Fire Magic


You had 14 spell levels left.
You knew the following spells:

 Your Spells              Type           Power        Failure   Level  Hunger
a - Flame Tongue          Conj/Fire      #####        1%          1    None
b - Throw Flame           Conj/Fire      ######       1%          2    None
c - Conjure Flame         Conj/Fire      #######.     1%          3    None
d - Sticky Flame          Conj/Fire      #######.     1%          4    #......
e - Fireball              Conj/Fire      #######...   1%          5    ####...


Dungeon Overview and Level Annotations

Branches:
Dungeon (9/15)             Temple (1/1) D:6
   Lair: D:8-11         Orc: D:9-12

Altars:
Cheibriados
Dithmenos
Elyvilon
Fedhas
Gozag
Hepliaklqana
Kikubaaqudgha
Nemelex Xobeh
Okawaru
Ru
Sif Muna
Trog
Vehumet
Wu Jian
Xom
Yredelemnul
The Shining One

Shops:
D:4 =   D:8 (


Innate Abilities, Weirdness & Mutations

You are partially covered in molten scales. (AC +2)
You have supernaturally acute eyesight. (SInv)
You can translocate small distances at will.
Armour fits poorly on your strangely shaped body.


Message History

Casting: Flame Tongue
Confirm with . or Enter, or press ? or * to list all spells.
Aiming: Flame Tongue
Press: ? - help, Shift-Dir - straight line, f/p - manticore
Aim: a manticore (heavily wounded, covered in liquid flames)
You feel a strong surge of power!
The flame tongue hits the manticore.
The manticore is severely wounded.
The manticore burns!
The manticore bites you! The manticore barely misses you.
The manticore completely misses you. The orc completely misses you.
Casting: Flame Tongue
Confirm with . or Enter, or press ? or * to list all spells.
Aiming: Flame Tongue
Press: ? - help, Shift-Dir - straight line, f/p - manticore
Aim: a manticore (severely wounded, covered in liquid flames)
You feel a strong surge of power!
The flame tongue hits the manticore.
The manticore is almost dead.
The manticore burns!
The manticore bites you!
* * * LOW HITPOINT WARNING * * *
The manticore misses you. The manticore claws you.
You die...

#.................#..#.......#§§§
#......###.PP.P...#..#........#§#
#......#.#.P.P..###..#.......##.#
.......#.............#.......#...
######.#....#P.......######.##...
.....#.#._..##........... .......
.......#....#..P....#######.#....
...##..#.....P......# .. #.###
...#...#.#...PPo@...# .. +.
...'...###.....H##### #.
...#....P.....).#
...#####......))#
...............)####
#########......)...# ......
#..........# ...... #.###.....H#
...... #. ######...#


You could see a manticore (burning) and an orc.

Vanquished Creatures
  Gastronok (D:8)
  2 two-headed ogres
  The ghost of Lasiace the Skirmisher, an amateur FoFi (D:3)
  Grum (D:8)
  An orc warrior (D:7)
  A sky beast (D:5)
  3 ice beasts
  2 phantoms
  4 ogres
  4 wolves (D:8)
  A centaur (D:6)
  4 big kobolds
  Blork the orc (D:4)
  2 bullfrogs (D:6)
  4 scorpions
  6 wights
  3 howler monkeys
  A jelly (D:9)
  3 crimson imps (D:5)
  2 bullfrog zombies
  A centaur zombie (D:9)
  3 bullfrog skeletons
  2 centaur skeletons
  3 hounds
  6 orc priests
  15 orc wizards
  Ijyb (D:5)
  4 iguanas
  4 worker ants
  A worker ant zombie (D:5)
  13 gnolls
  15 adders
  2 river rats (Sewer)
  2 shadow imps
  2 oozes
  An adder zombie (D:5)
  6 worms
  2 dart slugs (D:2)
  2 leopard geckos
  43 orcs
  8 bats
  9 giant cockroaches
  36 goblins
  29 hobgoblins
  2 jackals (D:2)
  5 quokkas
  9 ball pythons
  9 frilled lizards
  A giant cockroach zombie (D:5)
  A jackal skeleton (D:7)
  28 kobolds
  A leopard gecko skeleton (D:5)
  33 rats
346 creatures vanquished.

Vanquished Creatures (others)
  A fungus (D:5)
1 creature vanquished.

Grand Total: 347 creatures vanquished

Notes
Turn   | Place    | Note
-------+----------+-------------------------------------------
     0 | D:1      | Spazmo the Deep Elf Fire Elementalist began the quest for the Orb.
     0 | D:1      | Reached XP level 1. HP: 10/10 MP: 6/6
   159 | D:1      | Reached XP level 2. HP: 14/15 MP: 6/8
   163 | D:1      | Learned a level 2 spell: Throw Flame
   450 | D:1      | Reached XP level 3. HP: 19/19 MP: 4/9
   909 | D:2      | Reached skill level 2 in Conjurations
  1023 | D:2      | Gained mutation: Your magical capacity is low. (-10% MP) [potion of mutation]
  1023 | D:2      | Gained mutation: You are robust. (+10% HP) [potion of mutation]
  1023 | D:2      | Gained mutation: You can translocate small distances at will. [potion of mutation]
  1023 | D:2      | Gained mutation: You are partially covered in molten scales. (AC +2) [potion of mutation]
  1046 | D:2      | Reached XP level 4. HP: 9/26 MP: 0/10
  1050 | D:2      | Lost mutation: You are robust. (+10% HP) [potion of mutation]
  1050 | D:2      | Lost mutation: Your magical capacity is low. (-10% MP) [potion of mutation]
  1050 | D:2      | Gained mutation: Armour fits poorly on your strangely shaped body. [potion of mutation]
  1050 | D:2      | Gained mutation: You have supernaturally acute eyesight. (SInv) [potion of mutation]
  1150 | D:2      | Found an ornate altar of the Wu Jian Council.
  1211 | D:2      | Found a faded altar of an unknown god.
  1549 | D:3      | Noticed Lasiace's ghost (amateur FoFi)
  1559 | D:2      | Learned a level 3 spell: Conjure Flame
  1564 | D:2      | Learned a level 4 spell: Sticky Flame
  1817 | D:3      | Reached XP level 5. HP: 15/28 MP: 4/13
  1970 | D:3      | Reached skill level 3 in Conjurations
  2081 | D:3      | Killed Lasiace's ghost
  2081 | D:3      | Reached skill level 5 in Spellcasting
  2081 | D:3      | Reached skill level 5 in Fire Magic
  2081 | D:3      | Reached XP level 6. HP: 32/32 MP: 9/16
  2094 | D:3      | Learned a level 5 spell: Fireball
  2555 | D:4      | Reached skill level 4 in Conjurations
  2622 | D:4      | Found Obityruy's Jewellery Shop.
  2806 | D:4      | Reached XP level 7. HP: 28/36 MP: 6/18
  3155 | D:4      | Reached skill level 5 in Conjurations
  3195 | D:4      | Noticed Blork the orc
  3252 | D:4      | Killed Blork the orc
  3521 | D:4      | Reached XP level 8. HP: 19/41 MP: 0/21
  3871 | D:4      | Reached skill level 6 in Conjurations
  4647 | D:5      | Entered Level 5 of the Dungeon
  4724 | D:5      | Found a shadowy altar of Dithmenos.
  4749 | D:5      | Noticed Ijyb
  4760 | D:5      | Killed Ijyb
  4764 | D:5      | Reached skill level 7 in Conjurations
  4830 | D:5      | Found a glowing drain.
  4894 | Sewer    | Entered a sewer
  5688 | D:5      | Reached XP level 9. HP: 45/45 MP: 20/24
  5768 | D:5      | Found a blossoming altar of Fedhas.
  5937 | D:5      | Found a sparkling altar of Nemelex Xobeh.
  6121 | D:5      | Found a hazy altar of Hepliaklqana.
  6271 | D:6      | Noticed a two-headed ogre
  6282 | D:6      | Killed a two-headed ogre
  6282 | D:6      | Reached skill level 10 in Spellcasting
  6282 | D:6      | Reached skill level 8 in Conjurations
  6745 | D:6      | Found a staircase to the Ecumenical Temple.
  6751 | Temple   | Entered the Ecumenical Temple
  6787 | Temple   | Became a worshipper of Vehumet
  6861 | D:6      | Reached skill level 9 in Conjurations
  7001 | D:6      | Found a sparkling altar of Nemelex Xobeh.
  7686 | D:7      | Reached skill level 10 in Fire Magic
  7686 | D:7      | Reached XP level 10. HP: 50/50 MP: 21/26
  7758 | D:7      | Found a deep blue altar of Sif Muna.
  8030 | D:7      | Found an iron altar of Okawaru.
  8201 | D:7      | Found a glowing golden altar of the Shining One.
  8485 | D:7      | Found a snail-covered altar of Cheibriados.
  8671 | D:8      | Reached * piety under Vehumet
  8671 | D:8      | Offered knowledge of Freeze by Vehumet.
  8690 | D:8      | Noticed Gastronok
  8713 | D:8      | HP: 1/50 [Gastronok (32)]
  8715 | D:8      | Killed Gastronok
  8715 | D:8      | Reached skill level 5 in Dodging
  8715 | D:8      | Reached skill level 10 in Conjurations
  8770 | D:8      | Found a shimmering altar of Xom.
  8852 | D:8      | Found a blossoming altar of Fedhas.
  8899 | D:8      | Noticed Grum
  8925 | D:8      | Killed Grum
  9315 | D:8      | Found Halidifi's Weapon Boutique.
  9446 | D:9      | Noticed a two-headed ogre
  9461 | D:9      | Killed a two-headed ogre
  9461 | D:9      | Reached skill level 11 in Conjurations
  9673 | D:9      | Found a shadowy altar of Dithmenos.
  9763 | D:9      | Found an ancient bone altar of Kikubaaqudgha.
  9939 | D:9      | Offered knowledge of Sandblast by Vehumet.
  9944 | D:9      | Reached ** piety under Vehumet
  9951 | D:9      | Noticed a manticore
  9964 | D:9      | HP: 2/56 [manticore (16)]
  9964 | D:9      | Slain by a manticore

Vault maps used:
D:1:      nzn_arrival_water_spiral, amethyst_killhole, st_stairs_6
D:2:      lemuel_crystal_altar, chequers_ecumenical_altar_simple_redux,
          first_bread, minmay_pentomino_v4
D:4:      minmay_goblin_kobold_castle, serial_shops, shop, uniq_blork_the_orc
D:5:      overflow_temple_1_default, nemelex_xobeh_ov_fountains_minmay,
          gup_sewer_entry_glass, basic_altar, fedhas_altar_3, uniq_ijyb
D:6:      temple_green, nemelex_lonely_heart_becter
D:7:      lemuel_round_altar, lemuel_blue_sif_altar, marbit_many_paths,
          kennysheep_little_box
D:8:      xom_butterflies, lemuel_doored_altar, serial_shops, shop,
          uniq_gastronok, uniq_grum
D:9:      zin_angel, kiku_gazebo_garden_becter,
          grunt_dithmenos_smoke_and_mirrors, hiddenorc1_lemuel,
          hangedman_little_slice_of_home
Temple:   compressed_dpeg_circular_temple
Sewer:    sewer_minmay_treatment

Skill      XL: |  1  2  3  4  5  6  7  8  9 10 |
---------------+-------------------------------+-----
Stealth        | 3 |  3.0
Dodging        | 3 6 |  6.6
Conjurations   | 2 3 4 5 7 9 11 | 11.0
Spellcasting   | 4 5 6 7 9 10 | 10.1
Fire Magic     | 4 5 6 8 10 | 10.0
Fighting       | 4 |  4.0

Action                   |  1- 3 |  4- 6 |  7- 9 | 10-12 || total
-------------------------+-------+-------+-------+-------++-------
Melee: Whip              |     8 |       |    10 |       ||    18
       Dagger            |       |       |    27 |       ||    27
       Staff             |       |       |       |     2 ||     2
Throw: Stone             |       |       |     1 |       ||     1
 Cast: Flame Tongue      |    73 |   111 |   375 |   150 ||   709
       Throw Flame       |       |     9 |    19 |     6 ||    34
       Conjure Flame     |       |     1 |     1 |     1 ||     3
       Sticky Flame      |       |     1 |     9 |    15 ||    25
       Fireball          |       |     1 |     1 |     2 ||     4
Evoke: Wand              |       |       |       |     2 ||     2
  Use: Scroll            |     3 |     6 |     6 |     1 ||    16
       Potion            |     2 |     1 |     5 |     6 ||    14
  Eat: Chunk             |       |     6 |    15 |     7 ||    28
Armor: Robe              |     7 |     7 |    23 |    14 ||    51
Dodge: Dodged            |    31 |    35 |   112 |    44 ||   222

Table legend:
 A = Spawn XP
 B = Non-spawn XP
 C = Spawn XP percentage of total XP
 D = Spawn monster count
 E = Non-spawn monster count
 F = Spawn count percentage of total count
 G = Total turns spent on level
                    A         B        C        D         E        F      G
               +---------+---------+-------+---------+---------+-------+---------
         Total |       0 |   10625 |   0.0 |       0 |     346 |   0.0 |  9964
               +---------+---------+-------+---------+---------+-------+---------
           D:1 |       0 |      67 |   0.0 |       0 |      33 |   0.0 |   926
           D:2 |       0 |      73 |   0.0 |       0 |      25 |   0.0 |   661
           D:3 |       0 |     374 |   0.0 |       0 |      31 |   0.0 |   963
           D:4 |       0 |    1494 |   0.0 |       0 |      89 |   0.0 |  2097
           D:5 |       0 |     927 |   0.0 |       0 |      37 |   0.0 |   908
           D:6 |       0 |    2014 |   0.0 |       0 |      21 |   0.0 |  1121
           D:7 |       0 |     848 |   0.0 |       0 |      20 |   0.0 |  1253
           D:8 |       0 |    3096 |   0.0 |       0 |      16 |   0.0 |   775
           D:9 |       0 |    1544 |   0.0 |       0 |      26 |   0.0 |   520
         Sewer |       0 |     188 |   0.0 |       0 |      48 |   0.0 |   688
               +---------+---------+-------+---------+---------+-------+---------
